 Dungeon Crawl Stone Soup version 0.28-a0-241-gfbb0926a3a (webtiles) character file.

Game seed: 5740383617398682543

71 Colgate the Chopper (level 4, -3/38 HPs)
             Began as a Draconian Fighter on Aug 24, 2021.
             Slain by Sigmund (9 damage)
             ... on level 2 of the Dungeon.
             The game lasted 00:05:26 (2389 turns).

Colgate the Chopper (Draconian Fighter)             Turns: 2389, Time: 00:05:27

Health: -3/38      AC:  5    Str: 19    XL:     4   Next: 5%
Magic:  4/4        EV: 10    Int:  8    God:
Gold:   97         SH:  8    Dex: 11    Spells: 3/3 levels left

rFire   . . .      SeeInvis .   Y - +0 war axe (freeze)
rCold   . . .      Faith    .   b - +0 kite shield
rNeg    . . .      Spirit   .   (armour unavailable)
rPois   .          Reflect  .   (helmet restricted)
rElec   .          Harm     .   (no cloak)
rCorr   .          Rampage  .   (no gloves)
Will    .....                   (no boots)
Stlth   +.........              (no amulet)
HPRegen 0.12/turn               (no ring)
MPRegen 0.09/turn               (no ring)

@: no status effects
A: AC +5, unfitting armour, cold-blooded
a: no special abilities


You were on level 2 of the Dungeon.
You visited 1 branch of the dungeon, and saw 2 of its levels.

You collected 97 gold pieces.


Innate Abilities, Weirdness & Mutations

Your plain brown scales are hard. (AC +5)
You cannot fit into any form of body armour.
You are cold-blooded and may be slowed by cold attacks.


   Skills:
 - Level 3.2 Fighting
 + Level 4.4 Axes
 - Level 2.6 Dodging
 - Level 3.0 Shields


You had 3 spell levels left.
You didn't know any spells.
Your spell library was empty.

Inventory:

Hand Weapons
 a - a +0 mace
 Y - a +0 war axe of freezing (weapon)
Armour
 b - a +0 kite shield (worn)
Scrolls
 g - 5 scrolls of teleportation
Potions
 c - a potion of might
 d - a potion of brilliance {unknown}
 e - a potion of lignification {unknown}
 i - a potion of mutation {unknown}

Dungeon Overview and Level Annotations

Branches:
Dungeon (2/15)

Altars:

Annotations:
D:2 Sigmund


Message History

Enter note:
Found a stone staircase leading down.
Sigmund the Dreaded comes into view.
He is wielding a +0 scythe.
Sigmund shouts!
A kobold comes into view. It is wielding a +0 short sword.
Sigmund casts a spell.
Sigmund flickers and vanishes!
Deactivating autopickup; reactivate with Ctrl-A.
The kobold moves out of view.
You swing at nothing.
You swing at nothing.
Something hits you.
The kobold shouts!
You hit something. You freeze something. Something hits you! The bat hits you.
Something completely misses you. You block the bat's attack.
The bat closely misses you.
You closely miss the bat. You hit the plant but do no damage.
You block the bat's attack. The bat hits you but does no damage.
Something hits you! You block the kobold's attack.
You slash the kobold! You freeze the kobold.
You kill the kobold!
You slash the plant!
The plant begins to die.
You freeze the plant. The bat hits you but does no damage.
You hear some strange, mumbled words.
Something tries to affect you, but you resist.
A magic dart appears from out of thin air!
The magic dart hits you. The bat hits you but does no damage.
You miss the bat. You hit the plant. You freeze the plant.
The bat closely misses you.
The bat barely misses you. x2; The bat misses you.
Something hits you.
You closely miss the bat. You tail-slap the bat.
The bat is heavily wounded.
You slash the plant! You freeze the plant.
A nearby plant withers and dies.
The bat hits you but does no damage. Something hits you.
The bat barely misses you.
You closely miss the bat.
The bat is heavily wounded.
The bat hits you but does no damage. Something hits you!
You die...

#.######.##
#.........#
#####.....##
#>..........# #
#...........# ..
#...........###..#
#................#
#.......{........#
#........)@.......
#.........b~~..P..
.........P~~P.~.
........P~~~~P~~
.........~~~~~~~
.......~P~~777~P
......P~~~7 ~.
#####.P~77~


You could see a bat.

Vanquished Creatures
  Robin (D:2)
  2 worms (D:2)
  8 ball pythons
  2 bats
  4 endoplasms
  2 giant cockroaches
  13 goblins
  3 hobgoblins
  2 jackals (D:1)
  2 quokkas
  4 frilled lizards (D:1)
  3 kobolds (D:2)
  3 rats
49 creatures vanquished.

Vanquished Creatures (others)
  21 plants (D:2)
21 creatures vanquished.

Grand Total: 70 creatures vanquished

Notes
Turn   | Place    | Note
-------+----------+-------------------------------------------
     0 | D:1      | Colgate the Draconian Fighter began the quest for the Orb.
     0 | D:1      | Reached XP level 1. HP: 19/19 MP: 1/1
     0 | D:1      | 0 ||| counter = 54
   304 | D:1      | Reached XP level 2. HP: 26/26 MP: 2/2
   477 | D:1      | Reached skill level 3 in Axes
  1104 | D:1      | 1104 ||| READING scroll labelled SEOSTR IHOUB WIY.
  1105 | D:1      | 1105 ||| READING 5 scrolls labelled SIRERIM PYIB.
  1109 | D:1      | 1109 ||| READING scroll labelled ALLOCS XAKIKO.
  1413 | D:2      | HP: 3/26 [worm (4)]
  1415 | D:2      | Reached XP level 3. HP: 4/31 MP: 3/3
  2205 | D:2      | Reached skill level 4 in Axes
  2207 | D:2      | Noticed Robin
  2211 | D:2      | Killed Robin
  2218 | D:2      | Reached XP level 4. HP: 30/38 MP: 4/4
  2234 | D:2      | 2234 ||| STAIRDANCE
  2309 | D:2      | 2309 ||| DROPPING +0 club.
  2310 | D:2      | Found a faded altar of an unknown god.
  2377 | D:2      | Noticed Sigmund
  2387 | D:2      | HP: 9/38 [something (5)]
  2389 | D:2      | Slain by Sigmund

Levels and vault maps discovered:
D:1:      ncdulo_smallfort, layout_rooms, serial_aquarium,
          aquarium_bridge_long_joined [aquarium_subvault_window,
          aquarium_subvault_bridge, aquarium_subvault_bridge,
          aquarium_subvault_balcony, aquarium_subvault_wall,
          aquarium_subvault_bridge], aquarium_window_fake, aquarium_window_3,
          aquarium_view_2d, aquarium_balcony_double_1, minmay_misc_feat_room,
          kennysheep_another_room, supply_closet_lemuel, minmay_hedge_maze
D:2:      layout_basic, shapermc_ecumenical_altar_notcrosses,
          serial_bayou_lagoon_a, chequers_serial_rivers_micro_c,
          minmay_misc_feat_enclosed, uniq_terence, uniq_robin, uniq_sigmund

Skill      XL: |  1  2  3 |
---------------+----------+-----
Axes           | 3 4 |  4.4
Fighting       | |  3.2
Dodging        | |  2.6
Shields        | |  3.0

Action                   |  1- 3 |  4- 6 || total
-------------------------+-------+-------++-------
Melee: War axe           |   118 |     8 ||   126
       Tailslap          |    10 |     2 ||    12
  Use: Scroll            |     3 |       ||     3
Armor: Skin              |    40 |     6 ||    46
Dodge: Dodged            |    43 |     7 ||    50
Block: Kite shield       |    36 |     3 ||    39

Table legend:
 A = Non-vault XP
 B = Vault XP
 C = Vault XP percentage of total XP
 D = Non-vault monster count
 E = Vault monster count
 F = Vault count percentage of total count
                 A         B        C        D         E       F
            +---------+---------+-------+---------+---------+-------
      Total |      66 |      36 |  35.3 |      37 |      12 |  24.5
            +---------+---------+-------+---------+---------+-------
        D:1 |      30 |       0 |   0.0 |      19 |       0 |   0.0
        D:2 |      36 |      36 |  50.0 |      18 |      12 |  40.0
            +---------+---------+-------+---------+---------+-------
